 Dungeon Crawl Stone Soup version 0.25-a0-696-g42a9e46d90 (webtiles) character file.

Game seed: 10654922167783658982, levelgen mode: deterministic

9 Delarado the Shield-Bearer (level 2, -1/19 HPs)
             Began as a Gargoyle Fighter on Mar 31, 2020.
             Slain by a jackal (2 damage)
             ... on level 1 of the Dungeon.
             The game lasted 00:01:07 (156 turns).

Delarado the Shield-Bearer (Gargoyle Fighter)        Turns: 156, Time: 00:01:08

Health: -1/19      AC:  9    Str: 19    XL:     2   Next: 16%
Magic:  2/2        EV:  7    Int:  8    God:
Gold:   7          SH:  9    Dex:  9    Spells: 1/1 levels left

rFire    . . .     SeeInvis .   a - +0 flail
rCold    . . .     Gourm    .   c - +0 kite shield
rNeg     + . .     Faith    .   b - +0 scale mail
rPois    ∞         Spirit   .   (no helmet)
rElec    +         Reflect  .   (no cloak)
rCorr    .         Harm     .   (no gloves)
MR       .....                  (no boots)
Stlth    ..........             (no amulet)
HPRegen  0.06/turn              (no ring)
MPRegen  0.08/turn              (no ring)

@: no status effects
A: negative energy resistance 1, electricity resistance, unbreathing,
petrification resistance, rot immunity, AC +2
a: no special abilities


You were on level 1 of the Dungeon.
You were not hungry.

You visited 1 branch of the dungeon, and saw 1 of its levels.

You collected 7 gold pieces.

Inventory:

Hand Weapons
 a - a +0 flail (weapon)
Missiles
 e - 15 stones (quivered)
Armour
 b - a +0 scale mail (worn)
 c - a +0 kite shield (worn)
Potions
 d - a potion of might
 g - a potion of mutation {unknown}
Comestibles
 f - a ration
 h - a chunk of flesh


   Skills:
 - Level 3.2 Fighting
 + Level 2.8 Maces & Flails
 - Level 3.2 Armour
 - Level 3.2 Shields


You had one spell level left.
You didn't know any spells.
Your spell library was empty.

Dungeon Overview and Level Annotations

Branches:
Dungeon (1/15)

Altars:


Innate Abilities, Weirdness & Mutations

You are resistant to torment.
Your stone body is resilient. (AC +2)
You are immune to poison.
You resist negative energy. (rN+)
You are resistant to electric shocks. (rElec)
You can survive without breathing.
You are immune to petrification.
You are immune to rotting.


Message History

* * * LOW HITPOINT WARNING * * *
You block the frilled lizard's attack.
The jackal bites you but does no damage. x2
The giant cockroach bites you but does no damage.
The jackal closely misses you.
The jackal bites you but does no damage.
The frilled lizard bites you.
* * * LOW HITPOINT WARNING * * *
You block the jackal's attack. The giant cockroach bites you.
* * * LOW HITPOINT WARNING * * *
You hit the giant cockroach.
The giant cockroach is moderately wounded.
You block the jackal's attack.
The jackal bites you but does no damage.
You block the jackal's attack. x2
The giant cockroach bites you but does no damage.
The frilled lizard bites you but does no damage.
The jackal bites you but does no damage.
The jackal completely misses you. The jackal bites you.
You die...

.#..h## #.##..#
.......###....# .
##.....#.......#
..... #......#...#
#.#.##.####.....#
.#....#.# ###...#
........# #...#
#.....l# ####...#
##....h@###.##)÷.#
......hhs......###
#######.##########
.................##
.......⌠..........#
...⌠.......⌠......#
....s.............##
..⌠...⌠...⌠...⌠..##
#...............##


You could see 3 jackals, a giant cockroach and a frilled lizard.

Vanquished Creatures
  A giant cockroach (D:1)
  A goblin (D:1)
  3 jackals (D:1)
  2 kobolds (D:1)
  A rat (D:1)
8 creatures vanquished.

Notes
Turn   | Place    | Note
-------+----------+-------------------------------------------
     0 | D:1      | Delarado the Gargoyle Fighter began the quest for the Orb.
     0 | D:1      | Reached XP level 1. HP: 14/14 MP: 1/1
   137 | D:1      | Reached XP level 2. HP: 6/19 MP: 2/2
   156 | D:1      | Slain by a jackal

Levels and vault maps discovered:
D:1:      dpeg_arrival_lava_temple_mockup, layout_rooms

Action                   || total
-------------------------++-------
Melee: Flail             ||    54
Throw: Stone             ||     2
Armor: Scale mail        ||    71
Dodge: Dodged            ||    45
Block: Kite shield       ||    54

Table legend:
 A = Non-vault XP
 B = Vault XP
 C = Vault XP percentage of total XP
 D = Non-vault monster count
 E = Vault monster count
 F = Vault count percentage of total count
                 A         B        C        D         E       F
            +---------+---------+-------+---------+---------+-------
      Total |      14 |       0 |   0.0 |       8 |       0 |   0.0
            +---------+---------+-------+---------+---------+-------
        D:1 |      14 |       0 |   0.0 |       8 |       0 |   0.0
            +---------+---------+-------+---------+---------+-------
